 Dungeon Crawl Stone Soup version 0.30-a0-802-gb92711bcdf (webtiles) character file.

Game seed: 7864980804683063239

37 NinjaNoafa the Trooper (level 3, 0/33 HPs)
             Began as a Hill Orc Monk on Feb 24, 2023.
             Slain by a hobgoblin (1 damage)
             ... on level 2 of the Dungeon.
             The game lasted 00:04:39 (872 turns).

NinjaNoafa the Trooper (Hill Orc Monk)               Turns: 872, Time: 00:04:40

Health: 0/33       AC:  4    Str: 15    XL:     3   Next: 39%
Magic:  3/3        EV: 12    Int: 10    God:
Gold:   85         SH:  0    Dex: 13    Spells: 2/2 levels left

rFire   . . .      SeeInvis .    a - +0 spear
rCold   . . .      Faith    .    (no shield)
rNeg    . . .      Spirit   .    b - +0 robe
rPois   +          Reflect  .    (no helmet)
rElec   .          Harm     .    (no cloak)
rCorr   .          Rampage  .    k - +1 pair of gloves
Will    .....                    (no boots)
Stlth   ++                       (no amulet)
HPRegen 0.25/turn                e - ring of poison resistance
MPRegen 0.08/turn                (no ring)

@: weak-willed
A: no striking features
a: no special abilities


You were on level 2 of the Dungeon.
You visited 1 branch of the dungeon, and saw 2 of its levels.

You collected 85 gold pieces.

Inventory:

Hand Weapons
 a - a +0 spear (weapon)
Missiles
 h - 5 curare-tipped darts (quivered)
 m - 4 atropa-tipped darts
Armour
 b - a +0 robe (worn)
 k - a +1 pair of gloves (worn)
Jewellery
 e - a ring of poison resistance (left hand)
 p - an amulet of regeneration
Scrolls
 l - a scroll of fog {unknown}
 q - a scroll of identify {unknown}
 r - a scroll of enchant armour
Potions
 c - 2 potions of ambrosia
 d - a potion of magic {unknown}
 f - a potion of might {unknown}
 j - 2 potions of mutation {unknown}
 n - a potion of curing {unknown}
 o - a potion of heal wounds {unknown}
 s - a potion of invisibility {unknown}
 t - a potion of haste {unknown}


   Skills:
 + Level 4.2 Fighting
 + Level 3.9 Polearms
 + Level 1.6 Armour
 - Level 2.4 Dodging
 - Level 1.5 Stealth


You had 2 spell levels left.
You didn't know any spells.
Your spell library contained the following spells:

 Spells                   Type           Power      Damage    Failure   Level
 Frozen Ramparts          Ice            0%         1d1       75%         3
 Ice Form                 Ice/Tmut       0%         N/A       98%         4
 Summon Ice Beast         Ice/Summ       0%         N/A       98%         4


Dungeon Overview and Level Annotations

Branches:
Dungeon (2/15)

Altars:

Shops:
D:1 *


Message History

The hobgoblin shouts!
You hear a shout!
The gnoll barely misses you.
Okay, then.
Unknown command.
You hit the gnoll but do no damage.
The gnoll is moderately wounded.
A gnoll comes into view. It is wielding a +0 spear.
The gnoll barely misses you.
The gnoll shouts!
You hit the gnoll but do no damage.
The gnoll is moderately wounded.
The gnoll hits you with a +0 flail!
You hit the gnoll but do no damage.
The gnoll is moderately wounded.
A gnoll comes into view. It is wielding a +0 spear.
The gnoll barely misses you.
As you read the scroll labelled CUCEERPHEEPT, it crumbles to dust.
Magic quickly surges around you.
It was a scroll of vulnerability.
A gnoll comes into view. It is wielding a +0 spear.
A gnoll comes into view. It is wielding a +0 spear.
The gnoll hits you with a +0 flail. The hobgoblin misses you.
As you read the scroll labelled TUN GAINKUNYU, it crumbles to dust.
It is a scroll of enchant armour.
Your +0 pair of gloves glows green for a moment.
The gnoll misses you.
The hobgoblin hits you but does no damage.
As you read the scroll labelled ETAMAREN KUBLI, it crumbles to dust.
Your body is wracked with pain!
* * * LOW HITPOINT WARNING * * *
The gnoll convulses!
The hobgoblin convulses!
The gnoll convulses!
The endoplasm convulses!
The gnoll convulses! x5
The gnoll shouts!
The gnoll convulses!
The gnoll shouts!
It was a scroll of torment.
The gnoll hits you with a +0 flail!
* * * LOW HITPOINT WARNING * * *
The hobgoblin hits you but does no damage.
The gnoll attacks as you move away! The gnoll barely misses you.
The hobgoblin hits you.
You die...

..... .....##g ......###
#.......g## ........#
#.....##... ..gg....#
#......##.# .......#
#.g.....#.# ...g...#
#.........#
#.###..g######.........#
#.....[gg.gJgg.........'
####..@######........##
#...# #.......... #...#
#$......... #####
#.......... #..........
########... #... #...
#...


You could see 8 gnolls, an endoplasm (weak-willed) and a hobgoblin
(weak-willed).

Vanquished Creatures
  2 dart slugs (D:2)
  4 bats
  2 endoplasms
  A giant cockroach (D:2)
  3 goblins (D:1)
  6 hobgoblins
  2 kobolds
  3 ball pythons (D:1)
  2 frilled lizards
  6 rats (D:1)
31 creatures vanquished.

Notes
Turn   | Place    | Note
-------+----------+-------------------------------------------
     0 | D:1      | NinjaNoafa the Hill Orc Monk began the quest for the Orb.
     0 | D:1      | Reached XP level 1. HP: 19/19 MP: 1/1
   199 | D:1      | Reached XP level 2. HP: 21/27 MP: 2/2
   244 | D:1      | Reached skill level 1 in Armour
   344 | D:1      | Reached skill level 4 in Fighting
   359 | D:1      | Found Makebbirr's Assorted Antiques.
   560 | D:1      | Reached XP level 3. HP: 31/33 MP: 3/3
   871 | D:2      | HP: 1/33 [gnoll/+0 flail (9)]
   872 | D:2      | Slain by a hobgoblin

Illustrated notes

Levels and vault maps discovered:
D:1:      lemuel_arrival_muddy, layout_loops_ring, serial_shops, shop
D:2:      layout_basic, minmay_pentomino_w2

Skill      XL: |  1  2 |
---------------+-------+-----
Armour         | 1 |  1.6
Fighting       | 4 |  4.2
Polearms       | |  3.9
Dodging        | |  2.4
Stealth        | |  1.5

Action                     || total
---------------------------++-------
  Melee: Spear             ||   116
    Use: Scroll            ||     3
   Stab: Sleeping          ||     3
 Armour: Robe              ||    18
  Dodge: Dodged            ||    48

Table legend: (Time is in decaauts)
 A = Elapsed time spent in this place.
 B = Non-inter-level travel time spent in this place.
 C = Inter-level travel time spent in this place.
 D = Time resting spent in this place.
 E = Time spent auto-exploring this place.
 F = Levels seen in this place.
 G = Mean time per level.
                   A        B        C        D        E       F      G
               +--------+--------+--------+--------+--------+-----+--------+
         Total |    865 |    741 |    124 |      0 |    227 |   2 |  432.5 |
       Dungeon |    865 |    741 |    124 |      0 |    227 |   2 |  432.5 |
               +--------+--------+--------+--------+--------+-----+--------+

Top non-repeatable levels by time:
     D:1: 638 daAuts
     D:2: 227 daAuts
